[ AOE2 MATCH · #504552069 ]
UnrankedBulgarians vs Turks
Rival team · LOSS
[ REPLAY ANALYSIS · EXTRACTED FROM THE RECORDED GAME ]
Feudal
9:23
Castle
22:15
Imperial
—
| APM avg | 50.7 |
| APM peak | 82 |
| eAPM avg | 21.0 |
| Villagers / military | 89 / 79 |
Focus
⚔️ 34.5% · 🌾 65.5%
Skirmisher ×37 · Konnik ×24 · Militia ×11 · Knight ×5 · Spearman ×1 · Cavalry Archer ×1
Feudal
9:18
Castle
25:55
Imperial
—
| APM avg | 65.0 |
| APM peak | 117 |
| eAPM avg | 25.8 |
| Villagers / military | 91 / 41 |
Focus
⚔️ 32.6% · 🌾 67.4%
Janissary ×20 · Scout Cavalry ×13 · Monk ×4 · Battering Ram ×2 · Mangonel ×1 · Spearman ×1
Match map
Initial resources + every placement click. Lines = walls · curves = elevation contours. ◆ gold · ⬟ stone · ● berries · ✦ relic · ◌ wall gap
Your base· ✓ Closed at 22:15 · 55t walls · 1 gate(s)
UL_King_Kerotaros's base· ✓ Closed at 25:55 · 25t walls · 1 gate(s)
Smoothed initial terrain · ◌ = detected wall gap · hover for details
Inputs per minute
— (***AlBy_Bkr***) - - UL_King_Kerotaros
Build order — (***AlBy_Bkr***)
First 150 of 279 actions detected
| 0:00 | Create | Villager (Male) |
| 0:01 | Create | Villager (Male) |
| 0:01 | Create | Villager (Male) |
| 0:01 | Create | Villager (Male) |
| 0:02 | Build | House |
| 0:03 | Build | House |
| 1:26 | Create | Villager (Male) |
| 1:26 | Create | Villager (Male) |
| 1:58 | Create | Villager (Male) |
| 1:58 | Create | Villager (Male) |
| 2:26 | Create | Villager (Male) |
| 2:27 | Create | Villager (Male) |
| 2:45 | Build | Lumber Camp |
| 2:49 | Create | Villager (Male) |
| 3:15 | Create | Villager (Male) |
| 3:26 | Build | House |
| 3:36 | Create | Villager (Male) |
| 3:46 | Create | Villager (Male) |
| 3:46 | Create | Villager (Male) |
| 4:05 | Build | House |
| 4:30 | Create | Villager (Male) |
| 5:16 | Create | Villager (Male) |
| 5:16 | Create | Villager (Male) |
| 6:10 | Create | Villager (Male) |
| 6:10 | Research | Loom |
| 6:15 | Build | Barracks |
| 7:13 | Research | Feudal Age |
| 7:13 | Research | Feudal Age |
| 7:14 | Create | Militia |
| 7:14 | Create | Militia |
| 7:21 | Create | Militia |
| 7:40 | Create | Villager (Male) |
| 7:51 | Create | Militia |
| 8:08 | Build | Palisade Wall |
| 8:14 | Create | Militia |
| 8:23 | Build | House |
| 8:29 | Build | Palisade Wall |
| 8:41 | Create | Villager (Male) |
| 9:04 | Create | Villager (Male) |
| 9:23 | Age | Feudal Age |
| 9:27 | Create | Villager (Male) |
| 9:29 | Build | Blacksmith |
| 9:35 | Build | Archery Range |
| 9:47 | Create | Villager (Male) |
| 10:11 | Create | Villager (Male) |
| 10:17 | Build | Mill |
| 10:20 | Research | Forging |
| 10:20 | Research | Forging |
| 10:25 | Research | Arson |
| 10:26 | Research | Arson |
| 10:34 | Create | Skirmisher |
| 10:39 | Build | Watch Tower |
| 10:50 | Create | Skirmisher |
| 11:04 | Build | Farm |
| 11:07 | Create | Skirmisher |
| 11:11 | Build | Mining Camp |
| 11:13 | Build | Farm |
| 11:34 | Build | House |
| 11:43 | Research | Scale Mail Armor |
| 11:43 | Research | Scale Mail Armor |
| 11:45 | Build | Farm |
| 11:46 | Build | Farm |
| 11:46 | Build | Farm |
| 11:50 | Build | House |
| 12:00 | Create | Skirmisher |
| 12:12 | Create | Villager (Male) |
| 12:15 | Build | Farm |
| 12:15 | Build | Farm |
| 12:20 | Build | Mining Camp |
| 12:22 | Create | Skirmisher |
| 12:27 | Build | Palisade Wall |
| 12:31 | Build | Palisade Wall |
| 12:32 | Build | Palisade Wall |
| 12:50 | Create | Villager (Male) |
| 12:51 | Build | Farm |
| 13:19 | Create | Skirmisher |
| 13:33 | Create | Villager (Male) |
| 13:34 | Build | Farm |
| 13:34 | Build | Farm |
| 13:43 | Create | Skirmisher |
| 13:59 | Build | Palisade Wall |
| 14:05 | Research | Fletching |
| 14:05 | Research | Fletching |
| 14:06 | Create | Villager (Male) |
| 14:07 | Build | Farm |
| 14:09 | Build | Palisade Wall |
| 14:12 | Create | Spearman |
| 14:19 | Build | Palisade Wall |
| 14:30 | Research | Padded Archer Armor |
| 14:33 | Build | Farm |
| 15:17 | Create | Villager (Male) |
| 15:17 | Create | Villager (Male) |
| 15:21 | Build | House |
| 15:31 | Create | Villager (Male) |
| 15:33 | Build | Farm |
| 15:34 | Build | Farm |
| 15:39 | Build | House |
| 15:42 | Build | Palisade Wall |
| 15:43 | Build | Palisade Wall |
| 15:44 | Create | Villager (Male) |
| 16:08 | Create | Villager (Male) |
| 16:09 | Build | Farm |
| 16:09 | Build | Farm |
| 16:28 | Create | Villager (Male) |
| 16:29 | Create | Villager (Male) |
| 16:53 | Create | Villager (Male) |
| 16:55 | Build | Farm |
| 16:55 | Build | Farm |
| 16:57 | Build | Farm |
| 17:27 | Build | Palisade Wall |
| 17:36 | Build | Palisade Wall |
| 17:48 | Build | Mining Camp |
| 18:03 | Build | Palisade Wall |
| 18:05 | Build | Farm |
| 18:07 | Create | Villager (Male) |
| 18:46 | Build | House |
| 19:29 | Create | Militia |
| 19:29 | Create | Militia |
| 19:35 | Research | Castle Age |
| 19:47 | Create | Militia |
| 19:49 | Build | Stable |
| 20:26 | Create | Villager (Male) |
| 20:27 | Create | Militia |
| 20:31 | Build | Palisade Gate |
| 20:39 | Create | Skirmisher |
| 21:22 | Create | Villager (Male) |
| 21:34 | Research | Double-Bit Axe |
| 21:34 | Research | Horse Collar |
| 21:35 | Research | Horse Collar |
| 21:46 | Create | Skirmisher |
| 22:11 | Create | Villager (Male) |
| 22:13 | Create | Militia |
| 22:13 | Create | Militia |
| 22:15 | Age | Castle Age |
| 22:17 | Create | Knight ×2 |
| 22:22 | Build | Market |
| 22:26 | Create | Cavalry Archer |
| 22:36 | Create | Villager (Male) |
| 22:38 | Build | Farm |
| 23:24 | Build | Krepost |
| 23:31 | Build | House |
| 23:38 | Create | Knight ×2 |
| 24:00 | Create | Villager (Male) |
| 24:00 | Create | Villager (Male) |
| 24:12 | Build | Krepost |
| 24:19 | Create | Villager (Male) |
| 24:21 | Create | Knight |
| 24:25 | Build | Farm |
| 24:26 | Build | Farm |
| 24:26 | Build | Farm |
Build order — UL_King_Kerotaros
First 150 of 285 actions detected
| 0:01 | Create | Villager (Male) |
| 0:02 | Build | House |
| 0:04 | Build | House |
| 0:05 | Create | Villager (Male) |
| 0:15 | Create | Villager (Male) |
| 0:29 | Create | Villager (Male) |
| 0:29 | Create | Villager (Male) |
| 1:28 | Create | Villager (Male) |
| 1:29 | Create | Villager (Male) |
| 2:08 | Create | Villager (Male) |
| 2:18 | Build | Lumber Camp |
| 2:22 | Create | Villager (Male) |
| 2:22 | Create | Villager (Male) |
| 2:28 | Create | Villager (Male) |
| 2:29 | Create | Villager (Male) |
| 2:58 | Create | Villager (Male) |
| 3:09 | Create | Villager (Male) |
| 3:34 | Build | House |
| 3:49 | Create | Villager (Male) |
| 3:49 | Create | Villager (Male) |
| 4:07 | Create | Villager (Male) |
| 4:36 | Create | Villager (Male) |
| 4:40 | Create | Villager (Male) |
| 4:40 | Create | Villager (Male) |
| 4:47 | Build | Mill |
| 6:00 | Create | Villager (Male) |
| 6:16 | Research | Loom |
| 7:02 | Research | Feudal Age |
| 7:17 | Build | Lumber Camp |
| 8:12 | Build | House |
| 8:15 | Build | Barracks |
| 8:19 | Build | Palisade Wall |
| 8:22 | Build | Palisade Wall |
| 8:50 | Build | House |
| 9:02 | Build | Palisade Gate |
| 9:11 | Create | Villager (Male) |
| 9:18 | Age | Feudal Age |
| 9:28 | Create | Villager (Male) |
| 9:31 | Research | Double-Bit Axe |
| 9:31 | Research | Double-Bit Axe |
| 9:47 | Build | Stable |
| 9:54 | Build | Palisade Wall |
| 9:55 | Build | Palisade Wall |
| 10:05 | Create | Villager (Male) |
| 10:19 | Build | House |
| 10:22 | Build | House |
| 10:25 | Create | Villager (Male) |
| 10:40 | Create | Scout Cavalry |
| 10:41 | Create | Scout Cavalry |
| 10:42 | Create | Villager (Male) |
| 11:02 | Create | Villager (Male) |
| 11:14 | Build | Mining Camp |
| 11:15 | Create | Villager (Male) |
| 11:19 | Build | Palisade Wall |
| 11:21 | Build | Palisade Wall |
| 11:26 | Build | Palisade Wall |
| 11:32 | Build | Watch Tower |
| 11:36 | Create | Villager (Male) |
| 11:47 | Build | House |
| 11:48 | Build | House |
| 12:01 | Build | Farm |
| 12:04 | Build | Farm |
| 12:21 | Build | Palisade Wall |
| 12:24 | Build | House |
| 12:45 | Create | Villager (Male) |
| 12:56 | Create | Villager (Male) |
| 13:15 | Build | Farm |
| 13:16 | Create | Villager (Male) |
| 13:21 | Build | Palisade Wall |
| 13:30 | Build | Watch Tower |
| 13:42 | Build | Farm |
| 13:56 | Create | Villager (Male) |
| 14:08 | Build | Farm |
| 14:12 | Create | Villager (Male) |
| 14:30 | Build | Watch Tower |
| 14:33 | Create | Villager (Male) |
| 14:36 | Build | Farm |
| 14:39 | Build | House |
| 14:40 | Build | House |
| 14:45 | Build | House |
| 14:47 | Build | Palisade Wall |
| 14:51 | Build | Palisade Wall |
| 15:16 | Create | Villager (Male) |
| 15:32 | Build | Farm |
| 15:32 | Create | Villager (Male) |
| 15:38 | Create | Scout Cavalry |
| 15:41 | Build | House |
| 15:46 | Build | Farm |
| 15:51 | Create | Villager (Male) |
| 16:17 | Create | Villager (Male) |
| 16:26 | Build | Farm |
| 16:36 | Build | Lumber Camp |
| 16:39 | Build | House |
| 16:40 | Build | House |
| 16:41 | Create | Villager (Male) |
| 16:54 | Create | Scout Cavalry |
| 16:58 | Create | Villager (Male) |
| 17:20 | Build | Farm |
| 17:21 | Create | Villager (Male) |
| 17:25 | Build | House |
| 17:38 | Build | Farm |
| 17:39 | Build | Farm |
| 17:45 | Create | Villager (Male) |
| 17:49 | Build | Mining Camp |
| 17:54 | Build | Farm |
| 18:00 | Build | House |
| 18:20 | Build | Stone Wall |
| 18:26 | Build | Gate |
| 18:29 | Build | Stone Wall |
| 18:31 | Create | Villager (Male) |
| 18:45 | Build | Farm |
| 18:47 | Create | Villager (Male) |
| 19:08 | Create | Scout Cavalry |
| 19:11 | Build | Farm |
| 19:12 | Build | Farm |
| 19:15 | Create | Villager (Male) |
| 19:30 | Build | Watch Tower |
| 19:33 | Build | Farm |
| 19:36 | Create | Villager (Male) |
| 19:38 | Build | Farm |
| 19:42 | Build | Market |
| 19:51 | Create | Scout Cavalry |
| 19:51 | Create | Villager (Male) |
| 19:54 | Build | Farm |
| 19:55 | Build | Farm |
| 20:19 | Build | Mining Camp |
| 20:20 | Create | Villager (Male) |
| 20:34 | Build | Farm |
| 20:42 | Create | Villager (Male) |
| 21:01 | Create | Villager (Male) |
| 21:05 | Create | Scout Cavalry |
| 21:13 | Build | Farm |
| 21:16 | Build | Farm |
| 21:16 | Create | Villager (Male) |
| 21:18 | Create | Scout Cavalry |
| 21:22 | Build | House |
| 21:23 | Build | House |
| 21:47 | Build | Farm |
| 21:48 | Build | Farm |
| 21:50 | Build | Farm |
| 21:57 | Build | Palisade Wall |
| 22:00 | Build | Palisade Wall |
| 22:01 | Build | Palisade Wall |
| 22:06 | Create | Villager (Male) |
| 22:29 | Build | Watch Tower |
| 22:35 | Create | Villager (Male) |
| 22:47 | Build | House |
| 23:15 | Research | Castle Age |
| 23:16 | Research | Castle Age |
| 23:21 | Build | Watch Tower |
Match timeline
| 6:15 | (***AlBy_Bkr***) · first_building Barracks |
| 8:08 | (***AlBy_Bkr***) · wall_segment Palisade Wall x1 |
| 8:15 | UL_King_Kerotaros · first_building Barracks |
| 8:19 | UL_King_Kerotaros · wall_segment Palisade Wall x1 |
| 8:22 | UL_King_Kerotaros · wall_segment Palisade Wall x1 |
| 8:29 | (***AlBy_Bkr***) · wall_segment Palisade Wall x1 |
| 9:18 | UL_King_Kerotaros · age_up feudal |
| 9:23 | (***AlBy_Bkr***) · age_up feudal |
| 9:35 | (***AlBy_Bkr***) · first_building Archery Range |
| 9:47 | UL_King_Kerotaros · first_building Stable |
| 9:54 | UL_King_Kerotaros · wall_segment Palisade Wall x1 |
| 9:55 | UL_King_Kerotaros · wall_segment Palisade Wall x1 |
| 11:19 | UL_King_Kerotaros · wall_segment Palisade Wall x1 |
| 11:21 | UL_King_Kerotaros · wall_segment Palisade Wall x1 |
| 11:26 | UL_King_Kerotaros · wall_segment Palisade Wall x1 |
| 12:21 | UL_King_Kerotaros · wall_segment Palisade Wall x1 |
| 12:27 | (***AlBy_Bkr***) · wall_segment Palisade Wall x1 |
| 12:31 | (***AlBy_Bkr***) · wall_segment Palisade Wall x1 |
| 12:32 | (***AlBy_Bkr***) · wall_segment Palisade Wall x1 |
| 13:21 | UL_King_Kerotaros · wall_segment Palisade Wall x1 |
| 13:59 | (***AlBy_Bkr***) · wall_segment Palisade Wall x1 |
| 14:09 | (***AlBy_Bkr***) · wall_segment Palisade Wall x9 |
| 14:19 | (***AlBy_Bkr***) · wall_segment Palisade Wall x15 |
| 14:47 | UL_King_Kerotaros · wall_segment Palisade Wall x1 |
| 14:51 | UL_King_Kerotaros · wall_segment Palisade Wall x1 |
| 15:42 | (***AlBy_Bkr***) · wall_segment Palisade Wall x9 |
| 15:43 | (***AlBy_Bkr***) · wall_segment Palisade Wall x3 |
| 17:27 | (***AlBy_Bkr***) · wall_segment Palisade Wall x8 |
| 17:36 | (***AlBy_Bkr***) · wall_segment Palisade Wall x4 |
| 18:03 | (***AlBy_Bkr***) · wall_segment Palisade Wall x1 |
| 18:20 | UL_King_Kerotaros · wall_segment Stone Wall x4 |
| 18:29 | UL_King_Kerotaros · wall_segment Stone Wall x3 |
| 19:49 | (***AlBy_Bkr***) · first_building Stable |
| 21:57 | UL_King_Kerotaros · wall_segment Palisade Wall x4 |
| 22:00 | UL_King_Kerotaros · wall_segment Palisade Wall x4 |
| 22:01 | UL_King_Kerotaros · wall_segment Palisade Wall x2 |
| 22:15 | (***AlBy_Bkr***) · age_up castle |
| 22:54 | (***AlBy_Bkr***) · first_market_buy 100 stone |
| 23:24 | (***AlBy_Bkr***) · first_building Krepost |
| 24:48 | (***AlBy_Bkr***) · first_market_sell 100 food |
| 25:34 | (***AlBy_Bkr***) · wall_segment Palisade Wall x1 |
| 25:35 | (***AlBy_Bkr***) · wall_segment Palisade Wall x1 |
| 25:55 | UL_King_Kerotaros · age_up castle |
| 26:02 | UL_King_Kerotaros · first_building Monastery |
| 26:15 | UL_King_Kerotaros · wall_segment Palisade Wall x1 |
| 26:17 | UL_King_Kerotaros · wall_segment Palisade Wall x1 |
| 26:32 | UL_King_Kerotaros · first_building Castle |
| 29:55 | UL_King_Kerotaros · first_building Siege Workshop |
| 35:52 | UL_King_Kerotaros · first_market_buy 100 food |
| 39:52 | UL_King_Kerotaros · resign |
[ AI ANALYSIS · 1 CREDIT ]
What really happened in this match?
Wolo.gg analyzes every decision: build order, eco, micro, common mistakes by bracket. Personalized analysis on WhatsApp or Discord in 30 seconds.
Civ guide
Bulgarians
Perfil
Jugador #1444796